 Dungeon Crawl Stone Soup version 0.18.1-50-g88ac8fd (webtiles) character file.

23530 magog001 the Blocker (level 12, -5/110 HPs)
             Began as a Minotaur Fighter on Jan 8, 2017.
             Was a High Priest of Nemelex Xobeh.
             Killed from afar by a fire giant (36 damage)
             ... with a bolt of fire
             ... on level 4 of the Lair of Beasts.
             The game lasted 01:38:24 (14009 turns).

magog001 the Blocker (Minotaur Fighter)            Turns: 14009, Time: 01:38:25

Health: -5/110     AC: 22    Str: 28 (29) XL:     12   Next: 72%
Magic:  11/11      EV: 11    Int:  6 (7)  God:    Nemelex Xobeh [*****.]
Gold:   513        SH: 13    Dex:  9      Spells: 0 memorised, 11 levels left

rFire  . . .     SeeInvis .     u - +1 blowgun
rCold  . . .     Gourm    .     v - +6 chain mail {rPois}
rNeg   . . .     Faith    .     c - +0 shield
rPois  +         Spirit   .     (helmet restricted)
rElec  .         Dismiss  .     J - +0 cloak
rCorr  .         Reflect  .     H - +0 pair of gloves
SustAt .         Harm     .     E - +0 pair of boots
MR     +....                    G - amulet of regeneration
Stlth  ..........               q - +4 ring of slaying
                                m - ring of protection from magic

@: somewhat resistant to hostile enchantments, extremely unstealthy
A: retaliatory headbutt, horns 2, blink, clever 1, low mp 1, poison resistance,
strong 1, evolution 1
a: Blink, Triple Draw, Deal Four, Stack Five, Renounce Religion


You were on level 4 of the Lair of Beasts.
You worshipped Nemelex Xobeh.
Nemelex Xobeh was extremely pleased with you.
You were not hungry.

You visited 2 branches of the dungeon, and saw 13 of its levels.
You also visited: Labyrinth and Ossuary.

You collected 759 gold pieces.
You spent 246 gold pieces at shops.

Inventory:

Hand Weapons
 o - a +0 war axe of holy wrath
 u - a +1 blowgun (weapon)
Missiles
 l - 17 poisoned needles (quivered)
Armour
 c - a +0 shield (worn)
 v - a +6 chain mail of poison resistance (worn)
 E - a +0 pair of boots (worn)
 H - a +0 pair of gloves (worn)
 J - a +0 cloak (worn)
Jewellery
 g - a +3 amulet of reflection
 m - a ring of protection from magic (left hand)
 n - an uncursed ring of see invisible
 q - a +4 ring of slaying (right hand)
 G - an amulet of regeneration (around neck)
Wands
 b - a wand of polymorph (3/24)
 i - a wand of random effects (11/48)
 B - a wand of flame (10/48)
 F - a wand of enslavement (24/24)
 L - a wand of digging (21/24)
 N - a wand of teleportation (3/9)
 Q - a wand of enslavement (14/24)
 T - a wand of iceblast (0/15)
 W - a wand of confusion (10/48)
Scrolls
 h - a scroll of fog
 y - 4 scrolls of teleportation
 D - 2 scrolls of remove curse
 P - 2 scrolls of magic mapping
 R - 4 scrolls of blinking
 U - 4 scrolls of fear
Potions
 p - a potion of might
 r - 3 potions of lignification
 x - a potion of cancellation {unknown}
 z - a potion of haste
 O - a potion of magic
 S - 2 potions of flight
 V - 2 potions of ambrosia
Miscellaneous
 a - an ornate deck of war
 e - a legendary deck of destruction {drawn: 6}
 X - an ornate deck of war {drawn: 4}
 Y - an ornate deck of escape {drawn: 1}
Comestibles
 d - 7 chunks of flesh
 f - 7 bread rations
 j - a meat ration
 k - a slice of pizza
 s - a royal jelly
 t - 5 fruits
 w - 2 beef jerkies


   Skills:
 + Level 11.4 Fighting
 + Level 9.5 Axes
 * Level 10.0 Throwing
 + Level 11.0 Armour
 + Level 7.6 Dodging
 + Level 3.8 Stealth
 + Level 12.1 Shields
 + Level 0.7 Unarmed Combat
 + Level 2.7 Evocations


You had 11 spell levels left.
You didn't know any spells.

Dungeon Overview and Level Annotations

Branches:
Dungeon (9/15)             Temple (0/1) D:5            Lair (4/8) D:9
  Swamp: Lair:3-6    Shoals: Lair:3-6     Snake: Lair:3-6    Spider: Lair:3-6
    Orc: D:9-12

Altars:
Fedhas
Kikubaaqudgha
Nemelex Xobeh
Okawaru
Ru
Sif Muna
Trog
Xom
Zin
The Shining One

Shops:
D:6 [


Innate Abilities, Weirdness & Mutations

You reflexively headbutt those who attack you in melee.
You have a pair of horns on your head.
You can translocate small distances at will.
Your mind is acute. (Int +2)
Your magical capacity is low (-10% MP).
Your system is resistant to poisons.
Your muscles are strong. (Str +2)
You evolve.


Message History

Firing (i - inventory):
l - 19 poisoned needles (quivered)
Press: ? - help, Shift-Dir - straight line, f/p - fire giant
Aim: a fire giant (lightly wounded, poisoned)
You shoot a poisoned needle.
The poisoned needle completely misses the fire giant.
Firing (i - inventory):
l - 18 poisoned needles (quivered)
Press: ? - help, Shift-Dir - straight line, f/p - fire giant
Aim: a fire giant (lightly wounded, poisoned)
You shoot a poisoned needle.
The poisoned needle hits the fire giant!
The fire giant is lightly wounded.
The fire giant gestures at you while chanting.
The bolt of fire hits you!
* * * LOW HITPOINT WARNING * * *
Drink which item? (? for menu, Esc to quit)
You feel better.
The fire giant gestures at you while chanting.
The bolt of fire hits you!
You die...
Your body glows with a rainbow of weird colours and disappears.

******#P..†(<..∩....#.###
##..#...........#P# ######
##,#...§.......... #..P.#
*##.............. ##...#
#####....C(F........
#....###..##......(........
*#........[........(.......
##...#####.........(......
#...###..@..........(..... ###
##.P###...#:..#.......F.#. #.#
#......P..#..##F...<...##
#.#######......#.#######.##....##
..#P#.........#### *##..#.....##
....P..###....# ####.##.#......#
.....P####..### #.#.##......##..
.........P....# #...#.......##..
.....##.P.....####...##.........#


You could see a fire giant.

Vanquished Creatures
  Rupert (Lair:4)
  Snorg (Lair:3)
  A minotaur (Lab)
  A hydra (Lair:2)
  A griffon (Lair:4)
  4 elephants
  2 black mambas
  4 spiny frogs
  3 komodo dragons
  2 rime drakes (Lair:4)
  2 trolls (D:9)
  A polar bear (Lair:4)
  11 blink frogs
  6 yaks
  Eustachio (D:6)
  4 hungry ghosts
  2 basilisks
  A steam dragon (Lair:2)
  Menkaure (D:7)
  7 hippogriffs
  Duvessa (D:7)
  3 water moccasins
  2 hell hounds (D:9)
  8 porcupines
  An orc warrior (D:8)
  2 phantoms (D:7)
  A sky beast (D:6)
  3 wolves
  A wasp (Lair:4)
  4 ogres
  5 centaurs
  5 crocodiles
  8 giant frogs
  Blork the orc (D:4)
  A water moccasin zombie (D:6)
  A wyvern skeleton (D:9)
  Dowan (D:7)
  A scorpion (Lair:4)
  2 water moccasin skeletons
  4 wights (D:9)
  4 crimson imps
  A centaur zombie (D:9)
  A quasit (D:8)
  A giant frog skeleton (D:7)
  2 jellies
  Crazy Yiuf (D:7)
  6 orc priests
  3 hounds
  6 orc wizards
  8 iguanas
  3 worker ants
  4 sheep (Lair:3)
  3 mummies (Ossuary)
  A howler monkey zombie (D:5)
  3 gnolls (D:8)
  6 adders
  35 river rats
  2 shadow imps
  An ooze (D:1)
  2 adder zombies (D:5)
  3 adder skeletons
  4 worms
  3 dart slugs
  A giant gecko (D:6)
  30 orcs
  A ball python (D:2)
  8 giant cockroaches
  9 gnoll zombies (Ossuary)
  6 hobgoblins
  4 jackals (D:1)
  13 kobolds
  3 quokkas
  5 bats
  4 giant newts
  3 gnoll skeletons (Ossuary)
  4 goblins
  2 goblin skeletons (Ossuary)
  2 goblin zombies (Ossuary)
  2 hobgoblin skeletons (Ossuary)
  4 hobgoblin zombies (Ossuary)
  A jackal zombie (D:5)
  3 kobold skeletons (Ossuary)
  A kobold zombie (Ossuary)
  5 orc skeletons (Ossuary)
  2 orc zombies (Ossuary)
  15 rats
  2 rat skeletons (Ossuary)
  A rat zombie (Ossuary)
  A butterfly (D:5)
  3 fungi
  2 plants (Lair:3)
351 creatures vanquished.

Vanquished Creatures (collateral kills)
  A hydra (Lair:2)
  2 elephants (Lair:3)
  3 blink frogs (Lair:3)
  Grum (D:8)
  2 yaks (Lair:2)
  An ice beast (D:8)
  4 wolves
  A crocodile (Lair:2)
15 creatures vanquished.

Vanquished Creatures (others)
  A centaur (D:8)
  An orc wizard (D:3)
  A mummy (Ossuary)
  3 goblin skeletons (Ossuary)
  2 goblin zombies (Ossuary)
  2 hobgoblin skeletons (Ossuary)
  2 kobold skeletons (Ossuary)
  2 kobold zombies (Ossuary)
  An orc zombie (Ossuary)
  A rat skeleton (Ossuary)
  A rat zombie (Ossuary)
  A fungus (Lair:4)
18 creatures vanquished.

Grand Total: 384 creatures vanquished

Notes
Turn   | Place    | Note
--------------------------------------------------------------
     0 | D:1      | magog001 the Minotaur Fighter began the quest for the Orb.
     0 | D:1      | Reached XP level 1. HP: 19/19 MP: 0/0
   432 | D:1      | Reached XP level 2. HP: 25/27 MP: 1/1
   636 | D:1      | Reached skill level 4 in Shields
  1097 | D:2      | Reached XP level 3. HP: 33/33 MP: 2/2
  1226 | D:2      | Reached skill level 1 in Dodging
  1286 | D:2      | Found a faded altar to an unknown god.
  1931 | D:3      | Reached XP level 4. HP: 29/40 MP: 3/3
  2206 | D:3      | Reached XP level 5. HP: 46/46 MP: 4/4
  2218 | D:3      | Reached skill level 5 in Armour
  3009 | D:4      | Reached XP level 6. HP: 44/53 MP: 5/5
  3032 | D:4      | Found an iron altar of Okawaru.
  3039 | D:4      | Found an ancient bone altar of Kikubaaqudgha.
  3044 | D:4      | Found a bloodstained altar of Trog.
  3069 | D:4      | Noticed Blork the orc
  3077 | D:4      | Killed Blork the orc
  3077 | D:4      | Reached skill level 5 in Shields
  3078 | D:4      | Reached skill level 1 in Throwing
  3665 | D:5      | Entered Level 5 of the Dungeon
  3675 | D:5      | Reached XP level 7. HP: 27/60 MP: 6/6
  3967 | D:5      | Found a staircase to the Ecumenical Temple.
  4170 | D:5      | Reached skill level 5 in Fighting
  4380 | D:6      | Reached skill level 6 in Shields
  4436 | D:6      | Reached skill level 5 in Axes
  4463 | D:6      | Reached XP level 8. HP: 49/69 MP: 7/7
  4467 | D:6      | Gained mutation: Your magical capacity is low (-10% MP). [mutagenic meat]
  4468 | D:6      | Gained mutation: You are frail (-10% HP). [mutagenic meat]
  4470 | D:6      | Gained mutation: You are dopey. (Int -2) [potion of mutation]
  4470 | D:6      | Gained mutation: You can translocate small distances at will. [potion of mutation]
  4470 | D:6      | Gained mutation: You are weak. (Str -2) [potion of mutation]
  4471 | D:6      | Reached skill level 5 in Dodging
  4471 | D:6      | Reached skill level 8 in Shields
  4471 | D:6      | Reached XP level 9. HP: 70/74 MP: 7/7
  4570 | D:6      | Found a sparkling altar of Nemelex Xobeh.
  4584 | D:6      | Became a worshipper of Nemelex Xobeh the Trickster
  4607 | D:6      | Found Sihasiwk's Antique Armour Shoppe.
  4613 | D:6      | Bought a glowing scale mail for 116 gold pieces
  4623 | D:6      | Bought a glowing chain mail for 130 gold pieces
  4640 | D:6      | Noticed Eustachio
  4668 | D:6      | Killed Eustachio
  4726 | D:6      | Received a gift from Nemelex Xobeh
  4969 | D:6      | Found a sacrificial altar of Ru.
  5112 | D:6      | Found a deep blue altar of Sif Muna.
  5115 | D:6      | Found a sacrificial altar of Ru.
  5204 | D:7      | Noticed Crazy Yiuf
  5209 | D:7      | Killed Crazy Yiuf
  5324 | D:8      | Received a gift from Nemelex Xobeh
  5375 | D:7      | Reached * piety under Nemelex Xobeh
  5377 | D:7      | Found a sand-covered staircase.
  5383 | Ossuary  | Entered an ossuary
  5676 | Ossuary  | Lost mutation: You are dopey. (Int -2) [potion of cure mutation]
  5676 | Ossuary  | Lost mutation: You are weak. (Str -2) [potion of cure mutation]
  6009 | D:7      | Noticed Menkaure
  6031 | D:7      | Killed Menkaure
  6107 | D:7      | Noticed Duvessa
  6107 | D:7      | Noticed Dowan
  6109 | D:7      | Killed Dowan
  6118 | D:7      | Killed Duvessa
  6405 | D:7      | Reached skill level 9 in Shields
  6503 | D:8      | Received a gift from Nemelex Xobeh
  6522 | D:8      | Noticed Grum
  6538 | D:8      | Killed Grum
  6538 | D:8      | Reached XP level 10. HP: 75/82 MP: 8/8
  6613 | D:8      | Gained mutation: Your mind is acute. (Int +2) [potion of mutation]
  6613 | D:8      | Gained mutation: You have supernaturally acute eyesight. [potion of mutation]
  6614 | D:8      | Gained mutation: You evolve. [potion of mutation]
  6615 | D:8      | Lost mutation: You have supernaturally acute eyesight. [potion of mutation]
  6615 | D:8      | Gained mutation: Your system is resistant to poisons. [potion of mutation]
  6983 | D:8      | Gained mutation: Your muscles are strong. (Str +2) [evolution]
  7058 | D:8      | Found a shimmering altar of Xom.
  7063 | D:8      | Found a blossoming altar of Fedhas.
  7166 | D:8      | Found a blossoming altar of Fedhas.
  7619 | D:9      | Found a staircase to the Lair.
  7668 | D:9      | Found a glowing golden altar of the Shining One.
  7672 | D:9      | Received a gift from Nemelex Xobeh
  7685 | D:9      | Reached ** piety under Nemelex Xobeh
  8023 | D:9      | Found a glowing silver altar of Zin.
  8114 | D:9      | Reached skill level 10 in Fighting
  8661 | D:9      | Received a gift from Nemelex Xobeh
  8786 | Lair:1   | Entered Level 1 of the Lair of Beasts
  9081 | Lair:1   | Noticed a spiny frog
  9091 | Lair:1   | Killed a spiny frog
  9270 | Lair:1   | Reached *** piety under Nemelex Xobeh
  9318 | Lair:1   | Received a gift from Nemelex Xobeh
  9481 | Lair:1   | Noticed an elephant
  9499 | Lair:1   | Killed an elephant
  9613 | Lair:1   | Received a gift from Nemelex Xobeh
  9715 | Lair:1   | Received a gift from Nemelex Xobeh
  9905 | Lair:2   | Noticed a spiny frog
  9916 | Lair:2   | Killed a spiny frog
  9916 | Lair:2   | Reached XP level 11. HP: 75/90 MP: 9/9
 10203 | Lair:2   | Reached skill level 10 in Shields
 10209 | Lair:2   | Noticed a seven-headed hydra
 10213 | Lair:2   | Killed a seven-headed hydra
 10239 | Lair:2   | Reached skill level 1 in Evocations
 10270 | Lair:2   | Reached **** piety under Nemelex Xobeh
 10293 | Lair:2   | Received a gift from Nemelex Xobeh
 10568 | Lair:2   | Noticed an eight-headed hydra
 10575 | Lair:2   | Killed a nine-headed hydra
 10847 | Lair:3   | Received a gift from Nemelex Xobeh
 10938 | Lair:3   | Noticed Snorg
 10961 | Lair:3   | Killed Snorg
 10966 | Lair:3   | Reached skill level 11 in Shields
 11166 | Lair:3   | Noticed a green ugly thing
 11263 | Lair:3   | Received a gift from Nemelex Xobeh
 12679 | Lair:3   | Lost mutation: You are frail (-10% HP). [evolution]
 12824 | Lair:4   | Reached skill level 10 in Armour
 12824 | Lair:4   | Reached XP level 12. HP: 74/108 MP: 11/11
 12923 | Lair:4   | Found a labyrinth entrance.
 12932 | Lab      | Entered a labyrinth
 13004 | Lab      | Received a gift from Nemelex Xobeh
 13193 | Lab      | Reached ***** piety under Nemelex Xobeh
 13234 | Lab      | Noticed a minotaur
 13247 | Lab      | Killed a minotaur
 13307 | Lab      | Identified Jostrue's Reference Book on Beguiling (You found it in a labyrinth)
 13659 | Lair:4   | Noticed a seven-headed hydra
 13828 | Lair:4   | Reached skill level 12 in Shields
 13871 | Lair:4   | Noticed Rupert
 13903 | Lair:4   | Killed Rupert
 13903 | Lair:4   | Reached skill level 10 in Throwing
 13993 | Lair:4   | Noticed a fire giant
 13993 | Lair:4   | a nine-headed hydra changed into a fire giant
 14009 | Lair:4   | Killed from afar by a fire giant

Skill      XL: |  1  2  3  4  5  6  7  8  9 10 11 12 |
---------------+-------------------------------------+-----
Shields        | 4 5 6 8 9 11 12 | 12.1
Armour         | 4 5 6 8 9 10 11 | 11.0
Dodging        | 1 2 3 5 6 7 |  7.6
Fighting       | 4 5 9 10 11 | 11.4
Axes           | 3 4 5 6 7 8 9 |  9.5
Throwing       | 1 2 6 7 8 9 10 | 10.0
Stealth        | 3 |  3.8
Evocations     | 2 |  2.7
Unarmed Combat | |  0.7

Action                   |  1- 3 |  4- 6 |  7- 9 | 10-12 || total
-------------------------+-------+-------+-------+-------++-------
Melee: War axe           |   129 |   112 |   263 |   512 ||  1016
       Headbutt          |    21 |    20 |    43 |   126 ||   210
       Unarmed           |       |       |    18 |       ||    18
 Fire: Blowgun           |       |       |       |    13 ||    13
 Abil: Blink             |       |       |       |     1 ||     1
Evoke: Deck              |       |       |     2 |    16 ||    18
       Wand              |       |       |     1 |    20 ||    21
       Phantom mirror    |       |       |       |     1 ||     1
  Use: Scroll            |     6 |     1 |    19 |     9 ||    35
       Potion            |       |     2 |     5 |    16 ||    23
  Eat: Bread ration      |     1 |       |     1 |     1 ||     3
       Chunk             |       |     5 |     9 |    16 ||    30
       Meat ration       |       |       |     1 |     1 ||     2
       Beef jerky        |       |       |       |     2 ||     2
       Pizza             |       |       |       |     1 ||     1
       Royal jelly       |       |       |       |     1 ||     1
Armor: Scale mail        |    57 |    36 |    30 |       ||   123
       Chain mail        |       |       |    72 |   318 ||   390
       Skin              |       |       |     6 |     6 ||    12
Dodge: Dodged            |    47 |    38 |    98 |   215 ||   398
Block: Shield            |    70 |    67 |   190 |   498 ||   825
       Reflection        |       |     2 |     6 |     6 ||    14
       Other             |       |       |     2 |       ||     2
